 Dungeon Crawl Stone Soup version 0.28.0-62-gf88900778d (webtiles) character file.

Game seed: 14020525091052451739

1953 cbfl8 the Cleaver (level 8, -2/68 (71) HPs)
             Began as a Minotaur Berserker on May 22, 2023.
             Was an Elder of Trog.
             Slain by a phantasmal warrior (27 damage)
             ... led by a death knight
             ... on level 7 of the Dungeon on May 23, 2023.
             The game lasted 00:08:26 (6594 turns).

cbfl8 the Cleaver (Minotaur Berserker)              Turns: 6594, Time: 00:08:26

HP:   -2/68 (71)    AC: 13    Str: 22    XL:     8   Next: 99%
MP:   7/7           EV:  9    Int:  4    God:    Trog [****..]
Gold: 258           SH:  4    Dex: 12    Spells: 7/7 levels left

rFire   . . .      SeeInvis .   a - +0 hand axe
rCold   . . .      Faith    .   m - +0 buckler
rNeg    . . .      Spirit   .   u - +0 chain mail
rPois   .          Reflect  .   (helmet restricted)
rElec   .          Harm     .   (no cloak)
rCorr   .          Rampage  .   v - +0 pair of gloves
Will    .....                   t - +0 pair of boots
Stlth   ..........              (no amulet)
HPRegen 0.21/turn               (no ring)
MPRegen 0.10/turn               (no ring)

@: about to teleport, weak-willed, on berserk cooldown, slowed, lightly drained,
very slow
A: horns 2, retaliatory headbutt
a: Renounce Religion, Berserk, Trog's Hand, Brothers in Arms


You were on level 7 of the Dungeon.
You worshipped Trog.
Trog was greatly pleased with you.
You visited 2 branches of the dungeon, and saw 8 of its levels.

You collected 258 gold pieces.

Inventory:

Hand Weapons
 a - a +0 hand axe (weapon)
Armour
 m - a +0 buckler (worn)
 t - a +0 pair of boots (worn)
 u - a +0 chain mail (worn)
 v - a +0 pair of gloves (worn)
Jewellery
 b - an amulet of regeneration
Wands
 s - a wand of flame (29) (quivered)
 w - a wand of polymorph (6)
Scrolls
 d - 2 scrolls of immolation
 e - a scroll of enchant weapon
 g - 4 scrolls of teleportation
 j - a scroll of magic mapping
 n - a scroll of acquirement
 o - a scroll of fog
 p - 2 scrolls of holy word
Potions
 c - a potion of flight {unknown}
 f - a potion of lignification {unknown}
 h - a potion of mutation {unknown}
 i - 2 potions of resistance {unknown}
 k - a potion of heal wounds {unknown}
 l - 5 potions of curing
 q - a potion of degeneration {unknown}
 r - 4 potions of haste


   Skills:
 + Level 6.8 Fighting
 + Level 9.4 Axes
 + Level 6.9 Armour
 + Level 3.6 Dodging
 + Level 0.4 Stealth
 + Level 2.5 Shields
 * Level 3.5 Evocations


You had 7 spell levels left.
You didn't know any spells.
Your spell library was empty.

Dungeon Overview and Level Annotations

Branches:
Dungeon (7/15)             Temple (1/1) D:4

Altars:
Gozag
Kikubaaqudgha
Nemelex Xobeh
Trog
Wu Jian
Yredelemnul
Zin

Shops:
D:4 =


Innate Abilities, Weirdness & Mutations

You have a pair of horns on your head.
You reflexively headbutt those who attack you in melee.


Message History

The phantasmal warrior gestures at you.
The phantasmal warrior blinks!
The death knight offers itself to Yredelemnul, and fills with unholy energy.
There are monsters nearby!
You hit the phantasmal warrior but do no damage.
The phantasmal warrior gestures at you.
The phantasmal warrior blinks!
The phantasmal warrior hits you.
A red film seems to cover your vision as you go berserk!
You feel yourself moving faster!
You feel mighty! The phantasmal warrior hits you! x2
You barely miss the phantasmal warrior.
Your headbutt misses the phantasmal warrior.
You hit the phantasmal warrior but do no damage.
The phantasmal warrior gestures at you.
The phantasmal warrior blinks!
Unknown command.
You closely miss the phantasmal warrior. x2
The phantasmal warrior hits you!
You block the phantasmal warrior's attack.
Unknown command.
You slash the phantasmal warrior!
Your headbutt misses the phantasmal warrior.
The phantasmal warrior is moderately damaged.
You hit the phantasmal warrior. The phantasmal warrior hits you!!
Your willpower is stripped away!
The phantasmal warrior barely misses you.
Unknown command.
You are too injured to fight recklessly!
Unknown command.
You are too injured to fight recklessly!
Unknown command.
You feel a strong urge to attack something.
You feel your anger nearly subside.
You are no longer berserk.
You are exhausted.
You feel yourself slow down. The phantasmal warrior gestures at you.
The phantasmal warrior blinks!
As you read the scroll of teleportation, it crumbles to dust.
You feel strangely unstable. The phantasmal warrior hits you!!
You die...

############
#
#..@W......#
#
#W########.#
# #.# #.# #
#W# #.#
###### #.W.#
#.####...^.
...#...
#........#.
##.. .)#p.
######.#.#.
#.# ..ยง ...
#.#... #.
#.#. .#
#.###.###.


You could see 2 phantasmal warriors.

Vanquished Creatures
  Sigmund (D:4)
  Eustachio (D:5)
  Pargi (D:3)
  2 sky beasts
  An ice beast (D:5)
  An ogre (D:6)
  A phantom (D:4)
  A kobold brigand (D:7)
  A scorpion (D:5)
  2 wyvern skeletons
  A water moccasin skeleton (D:5)
  4 wights (D:7)
  4 orc priests
  2 hounds
  2 iguanas (D:4)
  A centaur skeleton (D:6)
  Ijyb (D:3)
  5 orc wizards
  2 hound skeletons
  6 adders
  4 gnolls (D:6)
  A shadow imp (D:6)
  2 white imps
  An ufetubus (D:5)
  An adder zombie (D:2)
  A worm (D:2)
  3 dart slugs
  23 orcs
  8 ball pythons
  3 bats
  A bat skeleton (D:2)
  A bat zombie (D:2)
  8 endoplasms
  2 giant cockroaches
  12 goblins
  7 hobgoblins
  4 jackals (D:1)
  2 quokkas
  A ball python skeleton (D:2)
  A frilled lizard (D:1)
  A jackal zombie (D:2)
  13 kobolds
  2 quokka skeletons (D:2)
  3 rats (D:2)
145 creatures vanquished.

Vanquished Creatures (others)
  2 withered plants (D:1)
2 creatures vanquished.

Grand Total: 147 creatures vanquished

Notes
Turn   | Place    | Note
-------+----------+-------------------------------------------
     0 | D:1      | cbfl8 the Minotaur Berserker began the quest for the Orb.
     0 | D:1      | Reached XP level 1. HP: 19/19 MP: 0/0
   197 | D:1      | Reached skill level 4 in Axes
   197 | D:1      | Reached XP level 2. HP: 20/27 MP: 1/1
   434 | D:1      | Found a faded altar of an unknown god.
  1076 | D:2      | Reached XP level 3. HP: 32/33 MP: 2/2
  1083 | D:2      | Reached ** piety under Trog
  1385 | D:2      | Found an ornate altar of the Wu Jian Council.
  1454 | D:2      | Reached XP level 4. HP: 35/41 MP: 3/3
  1940 | D:3      | Noticed Pargi
  1949 | D:3      | Killed Pargi
  1950 | D:3      | Reached skill level 5 in Axes
  1950 | D:3      | Reached XP level 5. HP: 47/47 MP: 4/4
  2005 | D:3      | Noticed a sky beast
  2011 | D:3      | Killed a sky beast
  2012 | D:3      | Reached skill level 5 in Fighting
  2012 | D:3      | Reached skill level 6 in Axes
  2012 | D:3      | Reached XP level 6. HP: 56/56 MP: 5/5
  2442 | D:3      | Noticed Ijyb
  2457 | D:3      | Killed Ijyb
  2943 | D:3      | Identified a scroll of acquirement
  3045 | D:4      | Found Hozxub's Jewellery Boutique.
  3196 | D:4      | Noticed Sigmund
  3209 | D:4      | Found a staircase to the Ecumenical Temple.
  3215 | Temple   | Entered the Ecumenical Temple
  3483 | D:4      | Reached *** piety under Trog
  3498 | D:4      | Killed Sigmund
  3499 | D:4      | Reached skill level 7 in Axes
  3499 | D:4      | Reached skill level 1 in Evocations
  3499 | D:4      | Reached XP level 7. HP: 30/61 MP: 6/6
  4099 | D:4      | Reached skill level 5 in Armour
  4296 | D:5      | Entered Level 5 of the Dungeon
  4446 | D:5      | Reached skill level 8 in Axes
  4649 | D:5      | Reached skill level 1 in Shields
  4677 | D:5      | Noticed Eustachio
  4693 | D:4      | Reached XP level 8. HP: 48/70 MP: 7/7
  4901 | D:5      | Killed Eustachio
  5270 | D:5      | Found a glowing silver altar of Zin.
  5340 | D:5      | Found a bloodstained altar of Trog.
  5340 | D:5      | Found an ancient bone altar of Kikubaaqudgha.
  5556 | D:6      | You fall into a shaft and drop 1 floor!
  5672 | D:6      | Reached **** piety under Trog
  6046 | D:6      | Reached skill level 9 in Axes
  6581 | D:7      | Noticed a phantasmal warrior
  6582 | D:7      | Noticed a phantasmal warrior
  6582 | D:7      | Noticed a phantasmal warrior
  6583 | D:7      | Noticed a death knight
  6594 | D:7      | Slain by a phantasmal warrior

Illustrated notes

Levels and vault maps discovered:
D:1:      amcnicky_arrival_double_pillar, layout_basic, serial_curves,
          eino_curves_01, eino_curves_04, shapermc_ecumenical_altar_flowoftime
D:2:      layout_rooms, serial_undead, serial_undead_e, serial_undead_d,
          serial_undead_a, serial_undead_a, basic_altar
D:3:      wander_river, layout_basic, minmay_misc_feat_more_columns, uniq_ijyb,
          uniq_pargi
D:4:      kennysheep_the_goblin_king, layout_basic,
          minmay_temple_entry_overgrown, serial_shops, shop,
          chequers_serial_rivers_room_b, uniq_sigmund
D:5:      layout_cave_pools, zin_treasury, gammafunk_temple_overflow_elements,
          grunt_decor_fettered, minmay_holes, minmay_misc_feat_encased,
          uniq_eustachio
D:6:      layout_rooms, chequers_serial_rivers_marsh
D:7:      kennysheep_steamy, layout_loops_ring, mainiacjoe_overflow_tiny_flanked
Temple:   compressed_dpeg_circular_temple

Skill      XL: |  1  2  3  4  5  6  7  8 |
---------------+-------------------------+-----
Axes           | 4 5 6 7 8 9 |  9.4
Fighting       | 4 5 6 |  6.8
Armour         | 3 4 5 6 |  6.9
Dodging        | 3 |  3.6
Evocations     | 1 2 3 |  3.5
Shields        | 1 2 |  2.5
Stealth        | |  0.4

Action                   |  1- 3 |  4- 6 |  7- 9 || total
-------------------------+-------+-------+-------++-------
Melee: Hand axe          |    83 |   110 |   244 ||   437
       Headbutt          |    10 |    20 |    41 ||    71
       Punch             |     1 |       |       ||     1
Invok: Berserk           |       |     3 |     3 ||     6
Evoke: Wand              |       |       |     9 ||     9
  Use: Scroll            |       |     6 |     6 ||    12
Armor: Ring mail         |    31 |    10 |       ||    41
       Chain mail        |       |    22 |   135 ||   157
Dodge: Dodged            |    55 |    61 |    75 ||   191
Block: Buckler           |       |     9 |    32 ||    41
